 Dungeon Crawl Stone Soup version 0.27-a0-720-g3f424a255b (webtiles) character file.

Game seed: 15219135970187458866

4 PentaManta the Ducker (level 1, 0/11 HPs)
             Began as a Spriggan Abyssal Knight on Mar 23, 2021.
             Was an Initiate of Lugonu.
             Slain by a rat (2 damage)
             ... on level 1 of the Dungeon.
             The game lasted 00:00:37 (272 turns).

PentaManta the Ducker (Spriggan Abyssal Knight)      Turns: 272, Time: 00:00:37

Health: 0/11       AC:  2    Str:  8    XL:     1   Next: 50%
Magic:  3/3        EV: 17    Int: 13    God:    Lugonu [......]
Gold:   13         SH:  0    Dex: 14    Spells: 0/0 levels left

rFire    . . .     SeeInvis +   a - +1 short sword
rCold    . . .     Faith    .   (shield restricted)
rNeg     . . .     Spirit   .   b - +0 robe
rPois    .         Reflect  .   (helmet restricted)
rElec    .         Harm     .   (no cloak)
rCorr    .         Rampage  .   (gloves unavailable)
Will     .....                  (boots unavailable)
Stlth    ++........             (no amulet)
HPRegen  0.03/turn              (no ring)
MPRegen  0.08/turn              (no ring)

@: very quick
A: very small, no large weapons, unfitting armour, see invisible, speed 3
a: Renounce Religion


You were on level 1 of the Dungeon.
You worshipped Lugonu.
Lugonu was noncommittal.
You visited 1 branch of the dungeon, and saw 1 of its levels.
You visited the Abyss 1 time.

You collected 13 gold pieces.

Inventory:

Hand Weapons
 a - a +1 short sword (weapon)
 f - a +0 dagger
Missiles
 g - 8 atropa-tipped darts
Armour
 b - a +0 robe (worn)
Scrolls
 d - a scroll of enchant armour {unknown}
 e - a scroll of magic mapping {unknown}
Potions
 c - a potion of invisibility {unknown}


   Skills:
 + Level 2.4 Fighting
 + Level 2.3 Short Blades
 + Level 3.3 Dodging
 + Level 0.8 Stealth
 - Level 1.7 Invocations


You couldn't memorise any spells.
You didn't know any spells.
Your spell library was empty.

Dungeon Overview and Level Annotations

Branches:
Dungeon (1/15)

Altars:


Innate Abilities, Weirdness & Mutations

You are very small and have problems with some larger weapons.
You are too small for most types of armour.
You have supernaturally acute eyesight. (SInv)
You cover ground extremely quickly. (Speed+++)


Message History

A hobgoblin comes into view.
Things that are here:
a +0 dagger; a goblin corpse
f - a +0 dagger The hobgoblin shouts!
A rat comes into view.
There are monsters nearby!
Found 8 atropa-tipped darts.
The hobgoblin misses you.
You hit the hobgoblin but do no damage. The hobgoblin barely misses you.
You closely miss the hobgoblin. The hobgoblin misses you.
You hit the hobgoblin but do no damage. The hobgoblin closely misses you.
You closely miss the hobgoblin. The hobgoblin hits you.
* * * LOW HITPOINT WARNING * * *
The rat barely misses you.
You are too injured to fight recklessly!
You are too injured to fight recklessly!
You are too injured to fight recklessly!
There are monsters nearby!
You hit the hobgoblin.
The hobgoblin is lightly wounded.
The hobgoblin completely misses you.
Found a whip.
Found a stone staircase leading down.
You now have 13 gold pieces.
There are no items here.
You see here 8 atropa-tipped darts.
g - 8 atropa-tipped darts A rat is nearby!
You hit the rat.
The rat is moderately wounded.
The rat completely misses you.
You closely miss the rat.
The rat is moderately wounded.
The rat bites you.
* * * LOW HITPOINT WARNING * * *
You hit the rat but do no damage.
The rat is moderately wounded.
The rat bites you.
You die...

.....> #. ...# #.
###..# #. #....# #.
#.##.# #. #.##.# .# #.
#.##.# ###########.# #.
#.##.# #...........#..
#.
#.##.####..r@.......#..
#.
#.##...................
#.
#.#######...........#
#.
#...................#
#.
#########........!..##.
### #.............. #..
#............## #.#
#............# #.#
#.....†......# #..


You could see a rat.

Vanquished Creatures
  A goblin (D:1)
  A hobgoblin (D:1)
  A ball python (D:1)
  A frilled lizard (D:1)
4 creatures vanquished.

Notes
Turn   | Place    | Note
-------+----------+-------------------------------------------
     0 | Abyss:1  | PentaManta the Spriggan Abyssal Knight began the quest for
                  | the Orb.
     0 | Abyss:1  | Reached XP level 1. HP: 11/11 MP: 3/3
    47 | Abyss:1  | Noticed a ynoxinul
    48 | D:1      | Escaped the Abyss
   272 | D:1      | Slain by a rat

Illustrated notes

Levels and vault maps discovered:
D:1:      mrwooster_arrival_statue_2, layout_basic, minmay_3d_cube

Action                   || total
-------------------------++-------
Melee: Short sword       ||    18
Invok: Depart the Abyss  ||     1
Armor: Robe              ||     1
Dodge: Dodged            ||    14

Table legend: (Time is in decaauts)
 A = Elapsed time spent in this place.
 B = Non-inter-level travel time spent in this place.
 C = Inter-level travel time spent in this place.
 D = Time resting spent in this place.
 E = Time spent auto-exploring this place.
 F = Levels seen in this place.
 G = Mean time per level.
                   A        B        C        D        E       F      G
               +--------+--------+--------+--------+--------+-----+--------+
         Total |    180 |    180 |      0 |      0 |    118 |   2 |   90.0 |
       Dungeon |    151 |    151 |      0 |      0 |     90 |   1 |  151.0 |
         Abyss |     28 |     28 |      0 |      0 |     28 |   1 |   28.0 |
               +--------+--------+--------+--------+--------+-----+--------+

Top non-repeatable levels by time:
     D:1: 151 daAuts
 Abyss:1: 28 daAuts
